 Dungeon Crawl Stone Soup version 0.30-a0-469-g84de5afbc5 (webtiles) character file.

Game seed: 7898911915666433522

401 NinjaNoafa the Conjurer (level 6, 0/41 HPs)
             Began as a Demonspawn Conjurer on Dec 19, 2022.
             Slain by an ice beast (14 damage)
             ... on level 5 of the Dungeon.
             The game lasted 00:07:00 (4989 turns).

NinjaNoafa the Conjurer (Demonspawn Conjurer)       Turns: 4989, Time: 00:07:01

Health: 0/41       AC: 15    Str:  6    XL:     6   Next: 54%
Magic:  4/12       EV: 12    Int: 25    God:
Gold:   169        SH:  4    Dex: 11    Spells: 5/13 levels left

rFire   x . .      SeeInvis .    g - +0 long sword
rCold   . . .      Faith    .    (no shield)
rNeg    . . .      Spirit   .    a - +0 robe
rPois   .          Reflect  .    (helmet restricted)
rElec   .          Harm     .    k - +1 cloak
rCorr   .          Rampage  .    (no gloves)
Will    .....                    (no boots)
Stlth   ++........               (no amulet)
HPRegen 0.26/turn                j - +4 ring of protection
MPRegen 0.13/turn                w - ring of flight

@: mighty, flying
A: hooves 1, slimy green scales 2, icemail 1, condensation shield, antennae 1,
clever 1, heat vulnerability 1, MP-powered wands
a: no special abilities


You were on level 5 of the Dungeon.
You visited 1 branch of the dungeon, and saw 6 of its levels.

You collected 169 gold pieces.

Inventory:

Hand Weapons
 g - a +0 long sword (weapon)
Missiles
 c - a throwing net
 e - 74 stones
 p - 3 poisoned darts
Armour
 a - a +0 robe (worn)
 k - a +1 cloak (worn)
 t - a scarf of invisibility
Jewellery
 j - a +4 ring of protection (left hand)
 w - a ring of flight (right hand)
Wands
 u - a wand of polymorph (2)
Scrolls
 f - 4 scrolls of identify
 h - a scroll of fear
 m - a scroll of teleportation
 q - a scroll of butterflies {unknown}
 r - a scroll of noise
 x - a scroll of vulnerability
Potions
 b - a potion of magic
 d - 2 potions of attraction {unknown}
 i - 2 potions of flight {unknown}
 l - a potion of mutation
 o - a potion of brilliance
 v - a potion of curing {unknown}


   Skills:
 - Level 1.7 Dodging
 - Level 1.7 Stealth
 + Level 4.3 Spellcasting
 + Level 5.9 Conjurations
 + Level 2.6 Hexes


You had 5 spell levels left.
You knew the following spells:

 Your Spells              Type           Power      Damage    Failure   Level
a - Magic Dart            Conj           100%       1d8       1%          1
b - Searing Ray           Conj           70%        2d7       1%          2
c - Momentum Strike       Conj/Tloc      40%        3d9       4%          2
d - Dazzling Flash        Conj/Hex       52%        N/A       4%          3

Your spell library contained the following spells:

 Spells                   Type           Power      Damage    Failure   Level
 Tukima's Dance           Hex            18%        N/A       9%          3
 Blink                    Tloc           10%        N/A       13%         2
 Portal Projectile        Hex/Tloc       24%        N/A       16%         3
 Fulminant Prism          Conj/Hex       13%        3d9       16%         4
 Lesser Beckoning         Tloc           10%        N/A       26%         3
 Iskenderun's Mystic Bla  Conj/Tloc      20%        2d6       26%         4
 Anguish                  Hex/Necr       6%         N/A       45%         4
 Blade Hands              Tmut           2%         N/A       94%         5
 Enfeeble                 Hex            9%         N/A       100%        7


Dungeon Overview and Level Annotations

Branches:
Dungeon (6/15)
 Temple: D:4-7

Altars:
Makhleb
Nemelex Xobeh
Qazlal


Innate Abilities, Weirdness & Mutations

You have large cloven feet.
You are mostly covered in slimy green scales. (AC +3)
A meltable icy envelope protects you from harm. (AC +4)
A meltable shield of frost defends you. (SH +4)
You have a pair of small antennae on your head.
Your mind is acute. (Int +4, Str/Dex -1)
You are vulnerable to heat. (rF-)
You expend magic power (3 MP) to strengthen your wands.


Message History

(Press . to maintain the ray.)
The orc wizard hits you but does no damage.
The searing ray hits the orc wizard.
The orc wizard is severely wounded.
The ice beast hits you. The ice beast freezes you.
The orc wizard hits you but does no damage.
You cannot move.
You cannot move.
You cannot move.
Unknown command.
Okay, then.
You feel very mighty all of a sudden. The ice beast barely misses you.
The orc wizard hits you but does no damage.
You closely miss the orc wizard.
The orc wizard is severely wounded.
You are no longer robbed of momentum.
The orc wizard closely misses you.
The ice beast hits you but does no damage.
You slash the orc wizard!
You kill the orc wizard!
The ice beast hits you. The ice beast freezes you!
The ice beast barely misses you.
You barely miss the ice beast. Your punch misses the ice beast.
The ice beast barely misses you.
You slash the ice beast!
The ice beast is moderately wounded.
The ice beast completely misses you.
You hit the ice beast.
The ice beast is heavily wounded.
You block the ice beast's attack.
The ice beast hits you but does no damage.
You slash the ice beast!
The ice beast is almost dead.
The ice beast barely misses you.
You closely miss the ice beast. Your kick misses the ice beast.
The ice beast is almost dead.
The ice beast hits you. The ice beast freezes you! The ice beast hits you.
The ice beast freezes you!
You die...

##### ###...###
##.......##
#...###...##
#..##(##...#
###....##...#
#.######...##..
##..@......##..
#..)Y....###.. #
#.....####...##[.
#.####........#
#.....####...##..
#........###.. # .
#..........##.. .
#..######...##.. ####
#.##....##...#####..#


You could see an ice beast.

Vanquished Creatures
  Duvessa (D:4)
  Dowan (D:4)
  2 hounds (D:5)
  An orc wizard (D:5)
  A gnoll (D:3)
  4 adders
  A shadow imp (D:5)
  An ufetubus (D:5)
  2 worms (D:4)
  A dart slug (D:1)
  2 orcs
  7 endoplasms
  5 giant cockroaches
  6 hobgoblins
  11 jackals
  A quokka (D:4)
  7 ball pythons
  6 bats
  3 frilled lizards
  14 goblins
  8 kobolds
  6 rats
91 creatures vanquished.

Notes
Turn   | Place    | Note
-------+----------+-------------------------------------------
     0 | D:1      | NinjaNoafa the Demonspawn Conjurer began the quest for the
                  | Orb.
     0 | D:1      | Reached XP level 1. HP: 13/13 MP: 3/3
   291 | D:1      | Gained mutation: You are partially covered in slimy green
                  | scales. (AC +2) [demonic ancestry]
   291 | D:1      | Reached XP level 2. HP: 19/19 MP: 0/5
  1202 | D:2      | Gained mutation: You have large cloven feet. [demonic
                  | ancestry]
  1202 | D:2      | Reached XP level 3. HP: 24/24 MP: 5/7
  1686 | D:2      | Found a faded altar of an unknown god.
  2941 | D:3      | Gained mutation: You are mostly covered in slimy green
                  | scales. (AC +3) [demonic ancestry]
  2941 | D:3      | Reached XP level 4. HP: 30/30 MP: 5/8
  3042 | D:3      | Gained mutation: You are vulnerable to heat. (rF-) [potion
                  | of mutation]
  3042 | D:3      | Gained mutation: Your magical capacity is low. (-10% MP)
                  | [potion of mutation]
  3042 | D:3      | Gained mutation: You have hoof-like feet. [potion of
                  | mutation]
  3179 | D:3      | Reached skill level 5 in Conjurations
  3369 | D:4      | Learned a level 2 spell: Searing Ray
  3683 | D:4      | Found a stormy altar of Qazlal.
  3822 | D:4      | Noticed Duvessa
  3825 | D:4      | Noticed Dowan
  3995 | D:4      | You are sucked into a shaft and drop 2 floors!
  4026 | D:6      | Noticed a black bear
  4039 | D:5      | Entered Level 5 of the Dungeon
  4052 | D:5      | Reached skill level 1 in Hexes
  4052 | D:5      | Gained mutation: A meltable shield of frost defends you.
                  | (SH +4) [demonic ancestry]
  4052 | D:5      | Reached XP level 5. HP: 35/35 MP: 3/9
  4132 | D:5      | Learned a level 2 spell: Momentum Strike
  4157 | D:4      | Found a burning altar of Makhleb.
  4236 | D:4      | Killed Duvessa
  4453 | D:4      | Killed Dowan
  4454 | D:4      | Gained mutation: A meltable icy envelope protects you from
                  | harm. (AC +4) [demonic ancestry]
  4454 | D:4      | Reached XP level 6. HP: 41/41 MP: 5/10
  4498 | D:4      | Lost mutation: Your magical capacity is low. (-10% MP)
                  | [potion of mutation]
  4498 | D:4      | Lost mutation: You have hoof-like feet. [potion of
                  | mutation]
  4498 | D:4      | Gained mutation: You have a pair of small antennae on your
                  | head. [potion of mutation]
  4498 | D:4      | Gained mutation: You expend magic power (3 MP) to
                  | strengthen your wands. [potion of mutation]
  4498 | D:4      | Gained mutation: Your mind is acute. (Int +4, Str/Dex -1)
                  | [potion of mutation]
  4545 | D:4      | Found a sparkling altar of Nemelex Xobeh.
  4819 | D:5      | Learned a level 3 spell: Dazzling Flash
  4971 | D:5      | Noticed an ice beast
  4989 | D:5      | Slain by an ice beast

Illustrated notes

Levels and vault maps discovered:
D:1:      psy_arrival_dodecagon, layout_loops_ring
D:2:      layout_basic, hellmonk_ecumenical_altar_prayer_group
D:3:      layout_basic, small_statue_alley_b, dk_noncrumbling_4
D:4:      layout_cave_pools, mainiacjoe_overflow_boulevard,
          mainiacjoe_overflow_brackets, nicolae_overflow_hidden_temple,
          uniq_duvessa
D:5:      layout_cave_pools, mainiacjoe_overflow_tiny_flanked, minmay_puff
D:6:      layout_basic, minmay_temple_entry_sparse_star,
          gammafunk_ghost_nasty_kobolds, uniq_grinder, uniq_eustachio

Skill      XL: |  1  2  3  4  5 |
---------------+----------------+-----
Spellcasting   | 3 4 |  4.3
Conjurations   | 5 |  5.9
Hexes          | 1 2 |  2.6
Dodging        | |  1.7
Stealth        | |  1.7

Action                   |  1- 3 |  4- 6 || total
-------------------------+-------+-------++-------
Melee: Unarmed           |    21 |       ||    21
       Short sword       |    11 |     5 ||    16
       Kick              |     2 |     5 ||     7
       Long sword        |       |    16 ||    16
 Cast: Magic Dart        |   109 |    59 ||   168
       Searing Ray       |       |     8 ||     8
       Momentum Strike   |       |     7 ||     7
       Dazzling Flash    |       |     2 ||     2
Evoke: Wand              |       |     1 ||     1
  Use: Potion            |       |     9 ||     9
       Scroll            |       |     4 ||     4
Armor: Robe              |    29 |    36 ||    65
Dodge: Dodged            |    83 |    42 ||   125
Block: Other             |       |    14 ||    14

Table legend: (Time is in decaauts)
 A = Elapsed time spent in this place.
 B = Non-inter-level travel time spent in this place.
 C = Inter-level travel time spent in this place.
 D = Time resting spent in this place.
 E = Time spent auto-exploring this place.
 F = Levels seen in this place.
 G = Mean time per level.
                   A        B        C        D        E       F      G
               +--------+--------+--------+--------+--------+-----+--------+
         Total |   5001 |   4717 |    284 |      0 |   3880 |   6 |  833.5 |
       Dungeon |   5001 |   4717 |    284 |      0 |   3880 |   6 |  833.5 |
               +--------+--------+--------+--------+--------+-----+--------+

Top non-repeatable levels by time:
     D:3: 1264 daAuts
     D:1: 1112 daAuts
     D:2: 1074 daAuts
     D:4: 1017 daAuts
     D:5: 489 daAuts
     D:6: 43 daAuts
